 Dungeon Crawl Stone Soup version 0.23-b1-3-gdda8187c6f (webtiles) character file.

Game seed: 7514416525999311497

1038 borfporloce the Chopper (level 8, -1/63 HPs)
             Began as a Hill Orc Fighter on Feb 1, 2019.
             Was a Follower of Hepliaklqana.
             Slain by an unseen horror (7 damage)
             ... on level 5 of the Dungeon.
             The game lasted 00:08:58 (4927 turns).

borfporloce the Chopper (Hill Orc Fighter)          Turns: 4927, Time: 00:08:59

Health: -1/63      AC: 14    Str: 21    XL:     8   Next: 24%
Magic:  8/8        EV:  4    Int:  8    God:    Hepliaklqana [*.....]
Gold:   242        SH: 10    Dex: 14    Spells: 7/7 levels left

rFire    . . .     SeeInvis .   a - +0 war axe
rCold    . . .     Gourm    .   c - +0 shield
rNeg     . . .     Faith    .   g - +0 plate armour
rPois    +         Spirit   .   (no helmet)
rElec    .         Reflect  .   (no cloak)
rCorr    .         Harm     .   (no gloves)
MR       .....                  w - +0 pair of boots
Stlth    ..........             (no amulet)
HPRegen  0.20/turn              z - +4 ring of dexterity
MPRegen  0.11/turn              q - ring of poison resistance

@: no status effects
A: reduced essence
a: Recall Ancestor, Ancestor Identity, Renounce Religion


You were on level 5 of the Dungeon.
You worshipped Hepliaklqana.
Hepliaklqana was aware of your devotion.
You were not hungry.

You visited 1 branch of the dungeon, and saw 5 of its levels.

You collected 242 gold pieces.

Inventory:

Hand Weapons
 a - a +0 war axe (weapon)
Armour
 c - a +0 shield (worn)
 g - a +0 plate armour (worn)
 w - a +0 pair of boots (worn)
Jewellery
 h - an uncursed ring of protection from cold
 m - an uncursed ring of wizardry
 q - a ring of poison resistance (right hand)
 z - a +4 ring of dexterity (left hand)
Scrolls
 b - a scroll of immolation {unknown}
 j - 2 scrolls of identify
 k - a scroll of teleportation {unknown}
 t - a scroll of fog {unknown}
 y - a scroll of fear {unknown}
Potions
 d - a potion of might
 e - a potion of mutation
 i - a potion of heal wounds
 l - a potion of berserk rage
 n - 2 potions of cancellation
 o - a potion of curing
 r - a potion of ambrosia
 x - a potion of lignification {unknown}
Comestibles
 f - 13 rations


   Skills:
 + Level 5.8 Fighting
 * Level 7.3 Axes
 * Level 6.7 Armour
 + Level 5.4 Shields


You had 7 spell levels left.
You didn't know any spells.
Your spell library contained the following spells:

 Spells                   Type           Power        Failure   Level  Hunger
 Magic Dart               Conj           #...         100%        1    ##.....
 Blink                    Tloc           N/A          100%        2    ###....
 Call Imp                 Summ           #.......     100%        2    ###....
 Slow                     Hex            #.......     100%        2    ###....
 Conjure Flame            Conj/Fire      #.......     100%        3    ####...
 Mephitic Cloud           Conj/Pois/Air  #.......     100%        3    ####...


Dungeon Overview and Level Annotations

Branches:
Dungeon (5/15)             Temple (0/1) D:5

Altars:
Ashenzari
Hepliaklqana
Ru
Uskayaw
Vehumet
Wu Jian
Zin


Message History

Mira hits something but does no damage.
You hit something but do no damage.
Something hits you but does no damage. x2
Mira hits something.
Something hits you!
* * * LOW HITPOINT WARNING * * *
Something hits you but does no damage.
Mira hits something.
Something hits you but does no damage.
You closely miss something. Something hits you but does no damage.
Something hits you.
* * * LOW HITPOINT WARNING * * *
You swap places.
Something hits you.
* * * LOW HITPOINT WARNING * * *
Something hits you.
* * * LOW HITPOINT WARNING * * *
A quokka comes into view.
Something hits you but does no damage. Something hits you.
* * * LOW HITPOINT WARNING * * *
Mira hits something but does no damage.
Something hits you but does no damage.
Mira barely misses something.
Something hits you!
You die...

#.).(##......##..### #........#
####.##.####<....##... ........#
#...<# #...#.##... .....####
#...#####.........# .#...#_+.
#..#.# ...........##...#...####
#..#... ###.........##...#......#
..##.#..........r........#......#
. # #.........................#
..........@...............#
...#.#....{................ .
.._.....{................
...#.#.....................
.........R................#
................####......#
#...............# ######.#
#......##.....### ### #......
#######


You could see the friendly Mira the ancestor and a quokka.

Vanquished Creatures
  Grinder (D:4)
  A phantom (D:4)
  3 ogres
  A centaur (D:5)
  A water moccasin zombie (D:5)
  A bullfrog zombie (D:3)
  An orc priest (D:4)
  An orc wizard (D:3)
  Jessica (D:3)
  2 worker ants (D:4)
  6 adders
  4 gnolls (D:2)
  A shadow imp (D:5)
  An ooze (D:3)
  An adder skeleton (D:5)
  3 worms (D:2)
  2 dart slugs
  6 leopard geckos
  3 orcs (D:4)
  4 bats
  2 giant cockroaches (D:2)
  10 goblins
  11 hobgoblins
  9 jackals
  4 kobolds
  3 ball pythons
  5 frilled lizards
  A leopard gecko skeleton (D:4)
  A quokka skeleton (D:5)
  4 rats
94 creatures vanquished.

Vanquished Creatures (collateral kills)
  An adder (D:3)
  A hobgoblin (D:3)
  2 jackals (D:5)
4 creatures vanquished.

Grand Total: 98 creatures vanquished

Notes
Turn   | Place    | Note
-------+----------+-------------------------------------------
     0 | D:1      | borfporloce the Hill Orc Fighter began the quest for the
                  | Orb.
     0 | D:1      | Reached XP level 1. HP: 19/19 MP: 1/1
   185 | D:1      | Reached XP level 2. HP: 21/27 MP: 2/2
   336 | D:1      | Reached skill level 3 in Axes
   573 | D:1      | Reached XP level 3. HP: 33/33 MP: 3/3
  1004 | D:2      | Reached XP level 4. HP: 26/40 MP: 4/4
  1674 | D:2      | Reached skill level 4 in Axes
  1847 | D:2      | Found a faded altar of an unknown god.
  1912 | D:2      | Reached XP level 5. HP: 40/46 MP: 5/5
  2529 | D:3      | Found a sacrificial altar of Ru.
  2578 | D:3      | Found a hazy altar of Hepliaklqana.
  2652 | D:3      | Became a worshipper of Hepliaklqana the Forgotten
  2656 | D:3      | Noticed Jessica
  2661 | D:3      | Killed Jessica
  2661 | D:3      | Reached XP level 6. HP: 36/47 MP: 6/6
  3088 | D:3      | Found a glowing silver altar of Zin.
  3095 | D:3      | Reached skill level 5 in Axes
  3095 | D:3      | Reached skill level 5 in Armour
  3181 | D:4      | Noticed a phantom
  3213 | D:4      | Killed a phantom
  3501 | D:4      | Found a hide-covered altar of Uskayaw.
  3501 | D:4      | Found a radiant altar of Vehumet.
  3526 | D:4      | Noticed Grinder
  3529 | D:4      | Reached skill level 5 in Fighting
  3530 | D:4      | Paralysed by Grinder for 5 turns
  3538 | D:4      | Reached XP level 7. HP: 7/54 MP: 7/7
  3540 | D:4      | Killed Grinder
  3540 | D:4      | Reached skill level 6 in Axes
  3540 | D:4      | Reached skill level 5 in Shields
  4038 | D:5      | Entered Level 5 of the Dungeon
  4058 | D:5      | Reached XP level 8. HP: 39/62 MP: 8/8
  4194 | D:5      | Found a staircase to the Ecumenical Temple.
  4211 | D:5      | Reached skill level 7 in Axes
  4481 | D:5      | Reached * piety under Hepliaklqana
  4540 | D:5      | Found a shattered altar of Ashenzari.
  4908 | D:5      | Found an ornate altar of the Wu Jian Council.
  4927 | D:5      | Slain by an unseen horror

Skill      XL: |  1  2  3  4  5  6  7  8 |
---------------+-------------------------+-----
Axes           | 3 4 5 6 7 |  7.3
Fighting       | 4 5 |  5.8
Armour         | 4 5 6 |  6.7
Shields        | 4 5 |  5.4

Action                   |  1- 3 |  4- 6 |  7- 9 || total
-------------------------+-------+-------+-------++-------
Melee: War axe           |    94 |   220 |    52 ||   366
  Use: Potion            |       |     1 |       ||     1
       Scroll            |       |       |    10 ||    10
 Stab: Paralysed         |       |     1 |       ||     1
  Eat: Chunk             |       |     8 |     2 ||    10
       Ration            |       |       |     1 ||     1
Armor: Scale mail        |     1 |       |       ||     1
       Plate armour      |    61 |   152 |    44 ||   257
Dodge: Dodged            |    17 |    36 |    21 ||    74
Block: Shield            |    51 |   100 |     3 ||   154
       Buckler           |       |     9 |    12 ||    21
